cohdb
Replays
Latest Replays
All Replays
Popular Replays
Top Player Replays
Match Explorer
How It Works
Community
CoH3 Stats
Reddit
Sign in to upload your games and track your stats! →
Sign in with Steam
Match 43381611
Unlisted
Match 43381611
Overview
Messages
Build Orders
End
Selects Heavy Weapons
Scout Squad
Construct Weapon Support Center
M1919 Machine Gun Team
Bazooka Squad
M1919 Machine Gun Team
Mechanized Support Center
Selects M2HB .50cal Heavy Machine Gun
M3 Armored Personnel Carrier
Sniper
M3 Armored Personnel Carrier
Selects Assault Carriers
Selects Halftrack Strongpoints
Bazooka Squad
Improved M9 Bazooka Rockets
Sir Steffen
captain kes
Stan
Shark33
Alvarez
kerem
Hatsune Miku
Hanzz
0
0
Comments
sign in to comment!
No comments posted yet!